 Dungeon Crawl Stone Soup version 0.29-a0-284-gf9362112df (webtiles) character file.

Game seed: 14712288935435205242

377 Zonian the Chiller (level 6, -1/28 HPs)
             Began as a Vine Stalker Ice Elementalist on Mar 24, 2022.
             Was an Initiate of Nemelex Xobeh.
             Slain by Dowan
             ... wielding a +0 dagger
              (3 damage)
             ... on level 4 of the Dungeon.
             The game lasted 00:09:24 (5840 turns).

Zonian the Chiller (Vine Stalker Ice Elementalist)  Turns: 5840, Time: 00:09:25

Health: -1/28      AC:  2    Str: 11    XL:     6   Next: 73%
Magic:  0/12       EV: 13    Int: 17    God:    Nemelex Xobeh [......]
Gold:   133        SH:  0    Dex: 14    Spells: 5/12 levels left

rFire   . . .      SeeInvis .   g - +2 dagger (freeze)
rCold   . . .      Faith    .   (no shield)
rNeg    . . .      Spirit   +   a - +0 robe
rPois   .          Reflect  .   (no helmet)
rElec   .          Harm     .   (no cloak)
rCorr   .          Rampage  .   (no gloves)
Will    .....                   (no boots)
Stlth   +++.......              (no amulet)
HPRegen 0.89/turn               (no ring)
MPRegen 0.13/turn               (no ring)

@: on berserk cooldown, slowed, very slow
A: fangs 2, regeneration 1, magic shield, antimagic bite, no potion heal 2
a: Renounce Religion, Draw Escape, Draw Destruction, Draw Summoning


You were on level 4 of the Dungeon.
You worshipped Nemelex Xobeh.
Nemelex Xobeh was noncommittal.
You visited 1 branch of the dungeon, and saw 4 of its levels.

You collected 133 gold pieces.

Inventory:

Hand Weapons
 d - a +0 short sword
 g - a +2 dagger of freezing (weapon)
Missiles
 h - 2 boomerangs (quivered)
Armour
 a - a +0 robe (worn)
Magical Staves
 p - a staff of fire
Wands
 s - a wand of digging (3)
Scrolls
 q - a scroll of immolation
Potions
 e - a potion of flight
 f - a potion of cancellation {unknown}
 i - a potion of heal wounds {unknown}
 k - 3 potions of curing
 l - a potion of brilliance
 n - a potion of haste {unknown}
 o - a potion of might {unknown}
 t - 2 potions of lignification


   Skills:
 + Level 1.7 Short Blades
 + Level 3.0 Dodging
 + Level 4.7 Stealth
 + Level 3.7 Spellcasting
 + Level 5.1 Ice Magic


You had 5 spell levels left.
You knew the following spells:

 Your Spells              Type           Power      Damage    Failure   Level
a - Freeze                Ice            80%        1d9       1%          1
b - Frozen Ramparts       Ice            40%        1d6       6%          3
c - Ozocubu's Armour      Ice            20%        N/A       6%          3

Your spell library contained the following spells:

 Spells                   Type           Power      Damage    Failure   Level
 Apportation              Tloc           6%         N/A       16%         1
 Gell's Gravitas          Tloc           3%         N/A       43%         3
 Teleport Other           Tloc           3%         N/A       43%         3
 Hailstorm                Conj/Ice       11%        3d5       50%         4
 Alistair's Intoxication  Tmut/Pois      2%         N/A       99%         5
 Dispersal                Tloc           1%         N/A       100%        6


Dungeon Overview and Level Annotations

Branches:
Dungeon (4/15)
 Temple: D:4-7

Altars:
Kikubaaqudgha
Nemelex Xobeh
The Shining One

Annotations:
D:4 1 runed translucent door, Dowan; Duvessa; zazu2006's ghost, amateur DDNe


Innate Abilities, Weirdness & Mutations

You have extremely sharp teeth.
Your natural rate of healing is unusually fast.
When hurt, damage is shared between your health and your magic reserves.
Your bite disrupts and absorbs the magic of your enemies.
Potions cannot restore your health.


Message History

You are exhausted.
You feel yourself slow down. Duvessa closely misses you.
Dowan points at you and mumbles some strange words.
The puff of frost hits you.
* * * LOW HITPOINT WARNING * * *
Okay, then.
Okay, then.
Okay, then.
Aiming: Freeze (safe; 1% risk of failure)
Press: ? - help, Q - select action, (/) - cycle Shift-Dir - straight line, f - Duvessa
Aim: Duvessa, wielding a +0 rapier and wearing a +0 chain mail (severely wounded)
You freeze Duvessa!
Duvessa is almost dead.
Duvessa hits you with a +0 rapier.
* * * LOW HITPOINT WARNING * * *
You don't have enough magic to cast this spell.
That's the wrong kind of item! (Use * to select it.) Fire/throw which item? ([*] to toggle full inventory view, [\] to toss any item) (? for menu, Esc to quit)
Throw: throwing net
Press: ? - help, Shift-Dir - straight line, f/p - Duvessa
Aim: Duvessa, wielding a +0 rapier and wearing a +0 chain mail (almost dead, 69% to hit)
You throw a throwing net. The throwing net hits Duvessa.
Duvessa is caught in the net!
Duvessa is almost dead.
Dowan hits you with a +0 dagger.
* * * LOW HITPOINT WARNING * * *
Duvessa struggles against the net. x2; Dowan barely misses you.
Unknown command.
You hit Duvessa but do no damage. You bite Duvessa, but do no damage.
Duvessa is almost dead.
Dowan closely misses you.
Duvessa struggles against the net.
Magic courses through your body. Dowan hits you with a +0 dagger.
* * * LOW HITPOINT WARNING * * *
Duvessa struggles against the net.
The net rips apart, and Duvessa comes free!
Duvessa hits you with a +0 rapier!
* * * LOW HITPOINT WARNING * * *
Dowan hits you with a +0 dagger.
You die...
Your body disappears without a glow.

####......##.##.......
....##.............###...#
.............#.....###...#
........#+#.#.....#......
...........##.#..#...... #
#.........#...#.#......
#.#.#.............#.#......
#.........e.......#........
#.......@e......##.##....
#.########...............
(≈≈WS+..#............
######............... ..
.....>#............
#.###..............#.##
...#.........#.#.##)##
#.###.......#........ ##
###......##...###.#....


You could see Duvessa, Dowan, zazu2006's ghost and an adder.

Vanquished Creatures
  A wyvern (D:4)
  A necrophage (D:4)
  A howler monkey (D:4)
  Jessica (D:3)
  An iguana (D:4)
  A gnoll (D:1)
  A worm (D:2)
  2 dart slugs
  3 orcs (D:4)
  6 endoplasms
  A giant cockroach (D:2)
  4 goblins
  7 hobgoblins
  6 jackals
  8 ball pythons
  A bat (D:2)
  4 frilled lizards
  9 kobolds
  8 rats
66 creatures vanquished.

Vanquished Creatures (others)
  6 plants (D:2)
6 creatures vanquished.

Grand Total: 72 creatures vanquished

Notes
Turn   | Place    | Note
-------+----------+-------------------------------------------
     0 | D:1      | Zonian the Vine Stalker Ice Elementalist began the quest
                  | for the Orb.
     0 | D:1      | Reached XP level 1. HP: 9/9 MP: 4/4
   609 | D:1      | Reached XP level 2. HP: 10/13 MP: 1/6
  1698 | D:1      | Reached XP level 3. HP: 12/16 MP: 3/7
  2465 | D:2      | Learned a level 3 spell: Frozen Ramparts
  2469 | D:2      | Learned a level 3 spell: Ozocubu's Armour
  3632 | D:2      | Gained mutation: Your natural rate of healing is unusually
                  | fast. [Vine Stalker growth]
  3632 | D:2      | Reached XP level 4. HP: 19/21 MP: 7/9
  3941 | D:3      | Noticed Jessica
  3950 | D:3      | Killed Jessica
  4252 | D:3      | Found a sparkling altar of Nemelex Xobeh.
  4439 | D:3      | Became a worshipper of Nemelex Xobeh the Trickster
  4558 | D:4      | Noticed a necrophage
  4662 | D:4      | Found a glowing golden altar of the Shining One.
  4669 | D:4      | Found an ancient bone altar of Kikubaaqudgha.
  4703 | D:4      | Killed a necrophage
  4704 | D:4      | Reached XP level 5. HP: 24/24 MP: 10/10
  4804 | D:4      | Found a runed translucent door.
  4853 | D:4      | Noticed zazu2006's ghost (amateur DDNe)
  4861 | D:4      | Noticed a wyvern
  5011 | D:4      | Noticed Duvessa
  5012 | D:4      | Noticed Dowan
  5257 | D:4      | Killed a wyvern
  5258 | D:4      | Reached skill level 1 in Short Blades
  5258 | D:4      | Reached skill level 5 in Ice Magic
  5258 | D:4      | Reached XP level 6. HP: 17/28 MP: 3/12
  5840 | D:4      | Slain by Dowan

Illustrated notes

Levels and vault maps discovered:
D:1:      erik_arrival_cave_to_civilisation [erik_arrival_cave_to_hall],
          layout_loops_ring, minivault_27, hangedman_decor_clover_reticule
D:2:      wad_lake_hut, layout_loops_corners, minivault_19,
          minmay_tiny_reverse_x
D:3:      layout_loops_ring, overflow_temple_1_default,
          amcnicky_mini_corridor_feature, uniq_jessica
D:4:      kennysheep_big_flooded_room, layout_basic,
          lemuel_mausoleum_altar_yredelemnul,
          mainiacjoe_overflow_large_starburst, ebering_ghost_sewer_d,
          st_stairs_9, minivault_1, uniq_duvessa

Skill      XL: |  1  2  3  4  5  6 |
---------------+-------------------+-----
Stealth        | 3 4 |  4.7
Dodging        | 2 3 |  3.0
Spellcasting   | 3 |  3.7
Short Blades   | 1 |  1.7
Ice Magic      | 5 |  5.1

Action                   |  1- 3 |  4- 6 || total
-------------------------+-------+-------++-------
Melee: Short sword       |    30 |    36 ||    66
       Bite              |     5 |    15 ||    20
       Dagger            |       |    27 ||    27
Throw: Throwing net      |       |     1 ||     1
 Cast: Freeze            |    43 |    16 ||    59
       Frozen Ramparts   |       |     1 ||     1
  Use: Scroll            |       |    13 ||    13
       Potion            |       |     4 ||     4
 Stab: Sleeping          |     9 |     1 ||    10
Armor: Robe              |     7 |     9 ||    16
Dodge: Dodged            |    31 |    34 ||    65

Table legend: (Time is in decaauts)
 A = Elapsed time spent in this place.
 B = Non-inter-level travel time spent in this place.
 C = Inter-level travel time spent in this place.
 D = Time resting spent in this place.
 E = Time spent auto-exploring this place.
 F = Levels seen in this place.
 G = Mean time per level.
                   A        B        C        D        E       F      G
               +--------+--------+--------+--------+--------+-----+--------+
         Total |   5906 |   5623 |    283 |   1917 |   2737 |   4 | 1476.5 |
       Dungeon |   5906 |   5623 |    283 |   1917 |   2737 |   4 | 1476.5 |
               +--------+--------+--------+--------+--------+-----+--------+

Top non-repeatable levels by time:
     D:1: 2288 daAuts
     D:2: 1554 daAuts
     D:4: 1242 daAuts
     D:3: 820 daAuts
